 Dungeon Crawl Stone Soup version 0.20.1-1-g8b1a95d (webtiles) character file.

23831 Irenicus the Pandemonic (level 12, -3/77 HPs)
             Began as a Deep Dwarf Monk on Oct 19, 2017.
             Was a High Priest of Makhleb.
             Slain by an orc warrior
             ... wielding a +0 halberd
              (5 damage)
             ... while paralysed by an orc sorcerer
             ... on level 1 of the Orcish Mines.
             The game lasted 00:57:38 (11414 turns).

Irenicus the Pandemonic (Deep Dwarf Monk)          Turns: 11414, Time: 00:57:40

Health: -3/77      AC: 23    Str: 15    XL:     12   Next: 75%
Magic:  17/17      EV:  2    Int: 10    God:    Makhleb [*****.]
Gold:   1092       SH:  0    Dex: 19    Spells: 11/11 levels left

rFire    + + .     SeeInvis .     - Unarmed
rCold    + . .     Gourm    .   E - +1 shield {AC+3}
rNeg     . . .     Faith    .   O - +7 chain mail of Disguise {rF++ rCorr}
rPois    .         Spirit   .   (no helmet)
rElec    .         Reflect  +   R - +0 cloak
rCorr    +         Harm     .   S - +0 pair of gloves
MR       ++...                  K - +2 pair of boots
Stlth    ..........             N - +3 amulet of reflection
Regen    0.0/turn               m - ring of resist corrosion
MPRegen  0.2/turn               j - ring of protection from cold

@: paralysed, non-regenerating, drained
A: damage resistance, heal wounds, blurry vision 2, deformed body, dopey 1,
frail 2, magic resistance 1, sense surroundings 2, wild magic 1, no regeneration
a: Heal Wounds, Minor Destruction, Lesser Servant of Makhleb, Major Destruction,
Greater Servant of Makhleb, Renounce Religion


You were on level 1 of the Orcish Mines.
You worshipped Makhleb.
Makhleb was extremely pleased with you.
You were hungry.

You visited 3 branches of the dungeon, and saw 15 of its levels.
You also visited: Sewer, Ossuary and Bailey.

You collected 1092 gold pieces.

Inventory:

Armour
 t - a +2 scale mail of poison resistance
 D - a +0 crystal plate armour
 E - a +1 shield of protection (worn)
 K - a +2 pair of boots (worn)
 O - the +7 chain mail of Disguise (worn) {rF++ rCorr}
   (You found it on level 11 of the Dungeon)

   It greatly protects you from fire.
   It protects you from acid and corrosion.
 R - a +0 cloak (worn)
 S - a +0 pair of gloves (worn)
 V - a +2 helmet
Jewellery
 i - an uncursed ring of flight
 j - a ring of protection from cold (right hand)
 k - an uncursed ring of teleportation
 m - a ring of resist corrosion (left hand)
 z - the ring "Uricer" {EV+1 Int+3}
   (You took it off an orc knight in a bailey)

   [ring of evasion]

   It affects your evasion (+1).
   It affects your intelligence (+3).
 C - an uncursed amulet of harm
 F - an uncursed ring of fire
 N - a +3 amulet of reflection (around neck)
Wands
 B - a wand of random effects (2/48)
 G - a wand of confusion (5/48)
 I - a wand of scattershot (0/9)
 P - a wand of lightning (6/15)
 Q - a wand of clouds (0/9)
 T - a wand of iceblast (9/15)
Scrolls
 d - 5 scrolls of teleportation
 e - a scroll of silence {unknown}
 f - a scroll of enchant weapon
 g - 11 scrolls of remove curse
 l - 4 scrolls of magic mapping
 o - 6 scrolls of fog
 p - 9 scrolls of identify
 q - 3 scrolls of fear
 r - 4 scrolls of recharging {unknown}
 s - 2 scrolls of blinking {unknown}
 y - 5 scrolls of immolation {unknown}
 H - a scroll of holy word {unknown}
 J - a scroll of noise {unknown}
 M - 2 scrolls of amnesia {unknown}
 U - 3 scrolls of vulnerability {unknown}
 X - a scroll of enchant armour {unknown}
Potions
 c - 6 potions of curing
 u - 3 potions of haste
 w - 2 potions of might
 A - 2 potions of flight
Books
 a - a book of Transfigurations

   Spells                             Type                      Level
   a - Irradiate                      Conjuration/Transmutation    5
   b - Statue Form                    Transmutation/Earth          6
   c - Hydra Form                     Transmutation                6
   d - Dragon Form                    Transmutation                7
 v - a book of Frost

   Spells                             Type                      Level
   a - Freeze                         Ice                          1
   b - Throw Frost                    Conjuration/Ice              2
   c - Ozocubu's Armour               Charms/Ice                   3
   d - Throw Icicle                   Conjuration/Ice              4
   e - Summon Ice Beast               Ice/Summoning                4
 W - a book of Beasts

   Spells                             Type                      Level
   a - Summon Butterflies             Summoning                    1
   b - Call Canine Familiar           Summoning                    3
   c - Summon Ice Beast               Ice/Summoning                4
   d - Summon Mana Viper              Hexes/Summoning              5
   e - Summon Hydra                   Summoning                    7
Miscellaneous
 L - a phial of floods (inert)
 Y - a box of beasts
Comestibles
 b - 11 bread rations
 h - 9 royal jellies
 n - 3 meat rations
 x - 7 fruits


   Skills:
 - Level 3.0(2.5) Fighting
 - Level 9.1(8.5) Armour
 + Level 11.0(10.4) Dodging
 - Level 2.4(1.9) Stealth
 - Level 10.0(9.5) Shields
 - Level 11.0(10.5) Unarmed Combat
 - Level 12.1(11.5) Invocations


You had 11 spell levels left.
You didn't know any spells.

Dungeon Overview and Level Annotations

Branches:
Dungeon (13/15)            Temple (1/1) D:5            Lair (0/6) D:8
    Orc (1/2) D:12         Vaults (0/5) D:13

Altars:
Ashenzari
Cheibriados
Dithmenos
Elyvilon
Fedhas
Gozag
Hepliaklqana
Kikubaaqudgha
Makhleb
Nemelex Xobeh
Okawaru
Qazlal
Ru
Sif Muna
Trog
Uskayaw
Vehumet
Xom
Yredelemnul
Zin
The Shining One

Shops:
D:4 [   D:5 *   D:11 [!%*:   D:12 [(!

Annotations:
D:5 exclusion: statue


Innate Abilities, Weirdness & Mutations

You are resistant to damage.
You can heal yourself by infusing magical energy.
You passively map the area around you.
You do not regenerate.
Scrolls take you longer to read.
Armour fits poorly on your strangely shaped body.
You are dopey. (Int -2)
You are very frail. (-20% HP)
You are resistant to hostile enchantments. (MR+)
Your spells are a little harder to cast, but a little more powerful.


Message History

An orc warrior and an orc wizard come into view.
The orc hits you but does no damage.
The orc wizard gestures wildly while chanting.
The orc wizard seems to speed up.
The orc warrior barely misses you.
The orc priest hits you but does no damage.
The orc barely misses you.
The orc sorcerer hits you but does no damage.
The orc warrior hits you from afar with a halberd!
* * * LOW HITPOINT WARNING * * *
The orc warrior hits you but does no damage.
The orc knight roars a battlecry!
The orc goes into a battle-frenzy!
You hear a shout! x2
An orc comes into view.
It is wielding a hand axe of electrocution.
The orc priest hits you but does no damage.
The orc sorcerer casts a spell.
The orc hits you but does no damage.
The orc moves out of view.
The orc warrior completely misses you.
The orc warrior hits you from afar with a halberd.
You die...

* ##. .....* ...
.. ....# * ...#
.##o..# * # *
....###.....## .#
,
.....#.oo..#.#...*
#.#.$...oh.3.....#
**
#.......ooo...#,
.......oooo).$# ,
.......o@..#...# *
, ..........#...##
, ......$.$###.##
,, ...>....$#*
..#* ,,
.......)##* ..# ,
,,......)).#* ..#
* ......#<.#** ,##
, , ......)...#
......##.##


You could see an orc warlord, an orc knight, a sun demon, a warg, an orc
sorcerer, 4 orc warriors, an orc priest, an orc wizard and 3 orcs.

Vanquished Creatures
  Kirke (D:13)
  A slime creature (D:13)
  An ice dragon (D:13)
  A two-headed ogre (D:8)
  A shock serpent (shapeshifter) (D:13)
  2 unseen horrors (D:12)
  A deep troll (D:13)
  2 orc knights (Bailey)
  2 cyclopes (D:13)
  3 ugly things
  A cyclops (shapeshifter) (D:13)
  2 manticores
  2 centaur zombies (D:13)
  The ghost of Jromary the Ruffian, an amateur TrFi (Bailey)
  4 trolls
  Prince Ribbit (D:6)
  A hornet (D:8)
  9 hippogriffs
  A spriggan (D:7)
  3 wyverns
  13 yaks
  2 basilisks (D:8)
  2 steam dragons
  An acid dragon (D:13)
  4 sky beasts
  11 orc warriors
  5 ogres
  2 eyes of draining
  2 necrophages
  A crocodile (D:7)
  9 centaurs
  Blork the orc (D:4)
  A big kobold (D:9)
  An elf zombie (Ossuary)
  9 bullfrogs
  A water moccasin zombie (D:10)
  2 scorpions
  12 killer bees
  3 howler monkeys
  6 crimson imps
  3 jellies
  A quasit (D:8)
  A bullfrog zombie (D:10)
  7 orc priests
  2 hounds
  3 centaur skeletons
  12 orc wizards
  Jessica (D:3)
  2 iguanas
  6 worker ants
  3 big kobold zombies (Ossuary)
  2 hound zombies (Ossuary)
  6 hound skeletons
  3 mummies (Ossuary)
  A howler monkey skeleton (D:8)
  12 gnolls
  15 adders
  9 river rats
  3 shadow imps
  An ooze (D:1)
  2 adder zombies (Ossuary)
  3 worms
  4 dart slugs
  3 leopard geckos
  60 orcs
  10 giant cockroaches
  10 goblins
  5 hobgoblins
  4 jackals
  11 kobolds
  2 quokkas
  9 ball pythons (Sewer)
  13 bats
  7 frilled lizards
  A gnoll zombie (Ossuary)
  3 goblin zombies (Ossuary)
  4 hobgoblin zombies (Ossuary)
  6 jackal zombies
  3 kobold zombies (Ossuary)
  2 orc zombies (Ossuary)
  5 quokka zombies (Ossuary)
  27 rats
  4 rat zombies (Ossuary)
419 creatures vanquished.

Vanquished Creatures (collateral kills)
  A two-headed ogre (D:9)
  An orc knight (Bailey)
  4 orc warriors (Bailey)
  A crimson imp (D:9)
7 creatures vanquished.

Vanquished Creatures (others)
  A mana viper (shapeshifter) (D:13)
  2 humans (D:13)
  A centaur (D:11)
  A worker ant (D:13)
5 creatures vanquished.

Grand Total: 431 creatures vanquished

Notes
Turn   | Place    | Note
-------+----------+-------------------------------------------
     0 | D:1      | Irenicus the Deep Dwarf Monk began the quest for the Orb.
     0 | D:1      | Reached XP level 1. HP: 20/20 MP: 1/1
   246 | D:1      | Reached XP level 2. HP: 27/27 MP: 2/2
   781 | D:1      | Reached XP level 3. HP: 28/33 MP: 3/3
  1191 | D:2      | Reached XP level 4. HP: 15/40 MP: 4/4
  1550 | D:2      | Reached skill level 5 in Unarmed Combat
  1906 | D:3      | Reached XP level 5. HP: 12/46 MP: 5/5
  2011 | D:3      | Noticed Jessica
  2023 | D:3      | Killed Jessica
  2339 | D:4      | Found Dimupob's Antique Armour Boutique.
  2380 | D:4      | Noticed Blork the orc
  2406 | D:4      | Killed Blork the orc
  2406 | D:4      | Reached XP level 6. HP: 41/55 MP: 6/6
  2460 | D:4      | Found a glowing drain.
  2494 | Sewer    | Entered a sewer
  2608 | Sewer    | Reached skill level 1 in Armour
  2903 | Sewer    | Reached XP level 7. HP: 30/62 MP: 7/7
  3083 | D:4      | Found a sand-covered staircase.
  3088 | Ossuary  | Entered an ossuary
  3318 | Ossuary  | HP: 1/62 [mummy (13)]
  3677 | D:5      | Entered Level 5 of the Dungeon
  3698 | D:6      | Noticed Prince Ribbit
  3773 | D:6      | Found a glowing golden altar of the Shining One.
  3786 | D:6      | Found a sacrificial altar of Ru.
  3848 | D:5      | Reached XP level 8. HP: 19/69 MP: 8/8
  3888 | D:5      | Gained mutation: You have a beak for a mouth. [mutagenic meat]
  3908 | D:5      | Found a staircase to the Ecumenical Temple.
  3914 | Temple   | Entered the Ecumenical Temple
  4050 | Temple   | Became a worshipper of Makhleb the Destroyer
  4050 | Temple   | Reached * piety under Makhleb
  4050 | Temple   | Reached ** piety under Makhleb
  4106 | D:5      | Found a radiant altar of Vehumet.
  4211 | D:5      | Found Peutupt's General Store.
  4459 | D:6      | Killed Prince Ribbit
  4459 | D:6      | Reached skill level 1 in Invocations
  4522 | D:6      | Reached skill level 2 in Invocations
  4537 | D:6      | Reached skill level 3 in Invocations
  4596 | D:6      | Reached skill level 4 in Invocations
  4615 | D:6      | Reached skill level 5 in Invocations
  4621 | D:6      | Gained mutation: Your spells are a little harder to cast, but a little more powerful. [mutagenic meat]
  4622 | D:6      | Gained mutation: You tend to lose your temper in combat. [mutagenic meat]
  4623 | D:6      | Gained mutation: You have a pair of small horns on your head. [mutagenic meat]
  4624 | D:6      | Gained mutation: Armour fits poorly on your strangely shaped body. [mutagenic meat]
  4625 | D:6      | Lost mutation: Armour fits poorly on your strangely shaped body. [mutagenic meat]
  4626 | D:6      | Gained mutation: You are resistant to hostile enchantments. (MR+) [mutagenic meat]
  4683 | D:6      | Found a shimmering altar of Xom.
  4684 | D:6      | Found a hazy altar of Hepliaklqana.
  4685 | D:6      | Noticed a spectral ugly thing
  4918 | D:7      | Reached skill level 6 in Invocations
  4978 | D:7      | Noticed a two-headed ogre
  5068 | D:7      | Reached skill level 7 in Invocations
  5068 | D:7      | Gained mutation: You passively map the area around you. [Deep Dwarf growth]
  5068 | D:7      | Reached XP level 9. HP: 62/75 MP: 11/13
  5123 | D:7      | Reached skill level 8 in Invocations
  5174 | D:7      | Found a flagged portal.
  5179 | Bailey   | Entered a bailey
  5206 | Bailey   | Noticed Jromary's ghost (amateur TrFi)
  5255 | Bailey   | Reached *** piety under Makhleb
  5267 | Bailey   | Noticed an orc knight
  5395 | Bailey   | Noticed an orc knight
  5404 | Bailey   | Noticed an orc knight
  5433 | Bailey   | Killed an orc knight
  5433 | Bailey   | Reached skill level 9 in Invocations
  5442 | Bailey   | Reached skill level 10 in Invocations
  5458 | Bailey   | Killed an orc knight
  5464 | Bailey   | Killed Jromary's ghost
  5464 | Bailey   | Reached skill level 11 in Invocations
  5479 | Bailey   | Killed an orc knight
  5484 | Bailey   | Got a serpentine pewter ring
  5614 | D:7      | Identified the ring "Uricer" {EV+1 Int+3} (You took it off an orc knight in a bailey)
  6075 | D:8      | Found a staircase to the Lair.
  6076 | D:8      | Noticed an elephant
  6093 | D:8      | Reached skill level 12 in Invocations
  6098 | D:8      | Reached skill level 1 in Shields
  6106 | D:8      | Reached XP level 10. HP: 33/84 MP: 17/17
  6301 | D:8      | Noticed a two-headed ogre
  6304 | D:8      | Reached skill level 5 in Shields
  6312 | D:8      | Killed a two-headed ogre
  6363 | D:8      | Lost mutation: You tend to lose your temper in combat. [mutagenic meat]
  6365 | D:8      | Gained mutation: Scrolls take you a little longer to read. [mutagenic meat]
  6366 | D:8      | Gained mutation: Scrolls take you longer to read. [mutagenic meat]
  6368 | D:8      | Gained mutation: You possess an exceptional clarity of mind. [mutagenic meat]
  6401 | D:8      | Found a glowing golden altar of the Shining One.
  6819 | D:9      | Found an ancient bone altar of Kikubaaqudgha.
  6955 | D:9      | Reached **** piety under Makhleb
  7133 | D:9      | Found a sparkling altar of Nemelex Xobeh.
  7150 | D:9      | Noticed a two-headed ogre
  7157 | D:9      | Killed a two-headed ogre
  7542 | D:10     | Entered Level 10 of the Dungeon
  7752 | D:10     | Found a hide-covered altar of Uskayaw.
  7825 | D:10     | Reached skill level 10 in Shields
  7864 | D:10     | Reached XP level 11. HP: 53/90 MP: 18/18
  7957 | D:10     | Reached skill level 5 in Armour
  8627 | D:11     | Noticed a red ugly thing
  8643 | D:11     | Killed a red ugly thing
  8772 | D:11     | Found Plog's Assorted Antiques.
  8813 | D:11     | Reached skill level 10 in Unarmed Combat
  8852 | D:11     | Found Jurich's Book Shop.
  9034 | D:11     | Noticed a purple ugly thing
  9053 | D:11     | Killed a purple ugly thing
  9056 | D:11     | Gained mutation: You are frail. (-10% HP) [mutagenic meat]
  9057 | D:11     | Gained mutation: You are very frail. (-20% HP) [mutagenic meat]
  9058 | D:11     | Lost mutation: You have a pair of small horns on your head. [mutagenic meat]
  9059 | D:11     | Gained mutation: You are dopey. (Int -2) [mutagenic meat]
  9101 | D:11     | Found Cuziyr's Food Shoppe.
  9209 | D:11     | Found Suptuta's Distillery.
  9225 | D:11     | Reached ***** piety under Makhleb
  9258 | D:11     | Got a slimy chain mail
  9281 | D:11     | Identified the +7 chain mail of Disguise {rF++ rCorr} (You found it on level 11 of the Dungeon)
  9296 | D:11     | Found Daidghips's Antique Armour Shoppe.
  9319 | D:11     | Found a blossoming altar of Fedhas.
  9573 | D:12     | Found Teileo Poygh's Weapon Emporium.
  9573 | D:12     | Found a staircase to the Orcish Mines.
  9573 | D:12     | Found Qexkeviu's Armour Emporium.
  9787 | D:12     | Found Cibonlix's Distillery.
  9811 | D:12     | Lost mutation: You possess an exceptional clarity of mind. [mutagenic meat]
 10007 | D:12     | Noticed a brown ugly thing
 10039 | D:12     | Killed a brown ugly thing
 10068 | D:12     | Killed an unseen horror
 10276 | D:12     | Killed an unseen horror
 10276 | D:12     | Reached XP level 12. HP: 44/77 MP: 19/19
 10638 | D:13     | HP: 2/77 [enormous slime creature (31)]
 10639 | D:13     | Reached skill level 5 in Dodging
 10642 | D:13     | Noticed Kirke
 10659 | D:13     | Noticed a sphinx
 10665 | D:13     | HP: 3/77 [something (3)]
 10687 | D:13     | Killed Kirke
 10701 | D:13     | Lost mutation: You have a beak for a mouth. [mutagenic meat]
 10744 | D:13     | Noticed an ice dragon
 10802 | D:13     | Killed an ice dragon
 10847 | D:13     | Reached skill level 10 in Dodging
 10897 | D:13     | Noticed an anaconda
 10952 | D:13     | Found a gate to the Vaults.
 10982 | D:13     | Gained mutation: Armour fits poorly on your strangely shaped body. [mutagenic meat]
 11369 | Orc:1    | Entered Level 1 of the Orcish Mines
 11410 | Orc:1    | Paralysed by an orc sorcerer for 7 turns
 11413 | Orc:1    | HP: 2/77 [orc warrior/halberd (8)]
 11414 | Orc:1    | Slain by an orc warrior

Skill      XL: |  1  2  3  4  5  6  7  8  9 10 11 12 |
---------------+-------------------------------------+-----
Unarmed Combat | 3 4 5 6 8 9 11 | 11.0
Fighting       | 3 |  3.0
Armour         | 3 4 9 |  9.1
Dodging        | 4 11 | 11.0
Invocations    | 7 12 | 12.1
Shields        | 2 10 | 10.0
Stealth        | |  2.4

Action                   |  1- 3 |  4- 6 |  7- 9 | 10-12 || total
-------------------------+-------+-------+-------+-------++-------
Melee: Unarmed           |   112 |   341 |   402 |  1084 ||  1939
       Punch             |     1 |     6 |    20 |       ||    27
       Peck              |       |       |    31 |   229 ||   260
       Headbutt          |       |       |    19 |   124 ||   143
Invok: Minor Destruction |       |       |    69 |    26 ||    95
       Lesser Servant of |       |       |     3 |       ||     3
 Abil: Heal Wounds       |       |     4 |     8 |     6 ||    18
Evoke: Wand              |       |       |     2 |    16 ||    18
       Phial of floods   |       |       |       |     2 ||     2
       Box of beasts     |       |       |       |     1 ||     1
  Use: Potion            |       |     7 |     9 |     5 ||    21
       Scroll            |       |       |    10 |     1 ||    11
 Stab: Sleeping          |     3 |     8 |     1 |       ||    12
       Invisible         |       |       |     1 |     1 ||     2
       Confused          |       |       |       |     3 ||     3
  Eat: Chunk             |       |     7 |    12 |    35 ||    54
       Meat ration       |       |       |     1 |       ||     1
Armor: Leather armour    |    25 |    18 |       |       ||    43
       Scale mail        |       |   110 |   124 |   166 ||   400
       Skin              |       |       |     3 |       ||     3
       Chain mail        |       |       |       |   240 ||   240
Dodge: Dodged            |    65 |   212 |   170 |   281 ||   728
Block: Shield            |       |       |    16 |   712 ||   728
       Reflection        |       |       |       |    11 ||    11
